 Seeded DCSS version 0.30.1-4-g462c640d31 (webtiles) character file.

Game seed: 6351066067085065685 (custom seed)

0 Esekla the Magician (level 1, -1/10 HPs)
             Began as a Deep Elf Wanderer on Sept 10, 2023.
             Slain by a gnoll
             ... wielding a +0 halberd
             ... led by a gnoll bouda
              (5 damage)
             ... on level 4 of the Dungeon.
             The game lasted 00:06:51 (447 turns).

Esekla the Magician (Deep Elf Wanderer)              Turns: 447, Time: 00:06:52

Health: -1/10      AC:  2    Str: 11    XL:     1   Next: 8%
Magic:  7/7        EV: 10    Int: 17    God:
Gold:   34         SH:  3    Dex: 11    Spells: 6/8 levels left

rFire   . . .        a - +0 short sword
rCold   . . .        d - +0 buckler
rNeg    . . .        c - +0 robe
rPois   .            (no helmet)
rElec   .            (no cloak)
rCorr   .            (no gloves)
SInv    .            (no boots)
Will    .....        (no amulet)
Stlth   ++           (no ring)
HPRegen 0.21/turn    (no ring)
MPRegen 0.10/turn

%: no passive effects
@: no status effects
A: no striking features
a: no special abilities


You were on level 4 of the Dungeon.
You visited 1 branch of the dungeon, and saw 5 of its levels.

You collected 34 gold pieces.

Inventory:

Hand Weapons
 a - a +0 short sword (weapon)
Armour
 c - a +0 robe (worn)
 d - a +0 buckler (worn)
Jewellery
 m - an amulet of magic regeneration
Scrolls
 g - a scroll of identify {unknown}
 k - a scroll of magic mapping {unknown}
Potions
 b - 2 potions of lignification
 e - a potion of ambrosia {unknown}
 f - a potion of attraction {unknown}
 h - a potion of heal wounds {unknown}
 j - a potion of haste {unknown}
 l - a potion of brilliance {unknown}


   Skills:
 + Level 1.2 Stealth
 + Level 1.5 Shields
 * Level 4.4 Spellcasting
 + Level 2.1 Translocations
 + Level 1.0 Invocations


You had 6 spell levels left.
You knew the following spells:

 Your Spells              Type           Power      Damage    Failure   Level
a - Magic Dart            Conj           12%        1d3       22%         1
p - Apportation           Tloc           22%        N/A       9%          1

Your spell library contained the following spells:

 Spells                   Type           Power      Damage    Failure   Level
 Blink                    Tloc           22%        N/A       14%         2
 Lesser Beckoning         Tloc           22%        N/A       14%         2
 Ignite Poison            Fire/Tmut/Pois 3%         N/A       54%         3
 Spider Form              Tmut/Pois      3%         N/A       54%         3
 Vampiric Draining        Necr           3%         2d6       54%         3
 Cause Fear               Hex            1%         N/A       91%         4
 Summon Mana Viper        Hex/Summ       3%         N/A       99%         5


Dungeon Overview and Level Annotations

Branches:
Dungeon (5/15)
 Temple: D:4-7

Altars:
Dithmenos

Shops:
D:2 =


Message History

Aiming: Apportation (safe; 9% risk of failure)
Press: ? - help, Dir - move target Apport: 10 gold pieces Yoink!
You pull the items towards yourself.
You now have 34 gold pieces (gained 10).
Your magical contamination has completely faded away.
There is a stone staircase leading up here.
There is a stone staircase leading up here.
You climb upwards.
The orc shouts!
There is a stone staircase leading down here.
Found a scroll labelled POILALU JEHO.
Found a bubbling blue potion. 2 gnolls come into view.
The gnoll shouts! x2; You hear a shout! x2
A gnoll comes into view. It is wielding a +0 club.
The gnoll moves out of view.
You hear a shout!
A gnoll bouda and 2 gnolls come into view.
The gnoll bouda shouts!
The gnoll shouts!
You block the orc's attack. You block the gnoll's attack.
Okay, then.
Okay, then.
The orc attacks as you move away! The orc completely misses you.
The orc attacks as you move away!
The orc hits you with a +2 vampiric dagger.
The orc attacks as you move away! You block the orc's attack.
The orc attacks as you move away!
The orc hits you with a +2 vampiric dagger.
* * * LOW HITPOINT WARNING * * *
Found a pair of gloves.
A hobgoblin comes into view.
Okay, then.
It was a potion of curing.
You feel better.
The orc hits you with a +2 vampiric dagger.
Ouch! That really hurt!
The gnoll hits you from afar with a +0 halberd.
Ouch! That really hurt!
You die...

...........#
...........####+####.?
........>........g...
.####........####.##....
.............####.##....
..[.....................
.............w....##....
........ogg..g..!.# ....
.......@##........# ....
........##........# ....
........#########.#
......... ..# #........
.# #.......g. .#
#......... ...........


You could see a gnoll bouda, 2 gnolls, a dart slug, an orc and a hobgoblin
(asleep).

Vanquished Creatures
  A kobold (D:1)
1 creature vanquished.

Notes
Turn   | Place    | Note
-------+----------+-------------------------------------------
     0 | D:1      | Esekla the Deep Elf Wanderer began the quest for the Orb.
     0 | D:1      | Esekla set off with the following items: a +0 club, a
                  | potion of lignification, a +0 robe, a +0 buckler; and the
                  | following spells available to memorise: Apportation, Blink,
                  | Lesser Beckoning, Magic Dart, Ignite Poison, Vampiric
                  | Draining.
     0 | D:1      | Reached XP level 1. HP: 10/10 MP: 7/7
     2 | D:1      | Learned a level 1 spell: Magic Dart
     4 | D:1      | Learned a level 1 spell: Apportation
   215 | D:2      | Found Renulab's Jewellery Shop.
   327 | D:3      | You fall into a shaft and drop 2 floors!
   327 | D:5      | Entered Level 5 of the Dungeon
   352 | D:5      | Got the Parchment of the Lumpy Olives
   365 | D:5      | Found a shadowy altar of Dithmenos.
   433 | D:4      | Noticed a gnoll bouda
   447 | D:4      | Slain by a gnoll

Illustrated notes

Levels and vault maps discovered:
D:1:      sevenhm_arrival_forest_fort_small_3, layout_rooms,
          chequers_serial_rivers_room_b, minmay_misc_feat_five
D:2:      layout_loops_ring, dreamdust_ecumenical_altar_angels_and_demons,
          serial_shops, shop
D:3:      layout_basic, grunt_temple_overflow_open, minmay_misc_feat_iff
D:4:      layout_basic, nicolae_overflow_quartered_altars, serial_shops,
          nicolae_diamond_shop
D:5:      layout_loops_ring, lemuel_doored_altar, minmay_misc_feat_rows,
          dreamdust_wishing_well

Action                     || total
---------------------------++-------
   Cast: Apportation       ||     8
         Magic Dart        ||     3
    Use: Scroll            ||     1
         Potion            ||     1
 Armour: Robe              ||     5
  Dodge: Dodged            ||     7
  Block: Buckler           ||     6
